WLB
HOUSTON ASTROS @ BALTIMORE ORIOLES
04/25/2024
 
TOP OF THE 1ST
Houston Astros batting - Pitching for Baltimore Orioles : LHP Conner Menez
Pitching: LHP Conner Menez
Batting: RHB Johan Rojas 0-0: Ball
1-0: Foul Ball, location: 2F
1-1: Swinging Strike
1-2: Ball
2-2: Ball
3-2: Foul Ball, location: 2F
3-2: Foul Ball, location: 5SF
3-2: DOUBLE (Flyball, 8LXD, EV 110.0 MPH)
Batting: RHB Manny Machado 0-0: Ball
1-0: DOUBLE (Line Drive, 3D, EV 101.9 MPH)
Johan Rojas scores
Batting: RHB Franmil Reyes 0-0: Ball
1-0: DOUBLE (Line Drive, 9LS, EV 87.5 MPH)
Manny Machado scores
Batting: RHB Lourdes Gurriel Jr. 0-0: Fly out, F4 (Popup, 4, EV 65.6 MPH)
Batting: LHB Odubel Herrera 0-0: Ball
1-0: Ball
2-0: Ball
3-0: Called Strike
3-1: SINGLE (Groundball, 4MD, EV 94.4 MPH)
Franmil Reyes to third
Runner from 3rd tries for Home, SAFE, throw by CF to home
Batting: RHB Matt Vierling 0-0: Fly out, F4 (Line Drive, 4, EV 73.8 MPH)
Batting: RHB Ronaldo Hernandez 0-0: Called Strike
0-1: Ball
1-1: Ball
2-1: Foul Ball, location: 2F
2-2: Ball
3-2: Base on Balls
Odubel Herrera to second
Batting: LHB Nicky Lopez 0-0: Ball
1-0: Foul Ball, location: 7LSF
1-1: Swinging Strike
1-2: Ball
2-2: Strikes out swinging
Top of the 1st over - 3 runs, 4 hits, 0 errors, 2 left on base; Houston 3 - Baltimore 0
BOTTOM OF THE 1ST
Baltimore Orioles batting - Pitching for Houston Astros : RHP Freddy Peralta
Pitching: RHP Freddy Peralta
Batting: LHB Michael Brantley 0-0: Swinging Strike
0-1: Ball
1-1: Ball
2-1: Ball
3-1: SINGLE (Line Drive, 9S, EV 92.5 MPH)
Batting: LHB Ismael Munguia 0-0: Ball
1-0: Foul Ball, location: 2F
1-1: Ball
2-1: Foul Ball, location: 9LMF
2-2: Fly out, F2 (Popup, 5SF, EV 76.9 MPH)
Batting: RHB Jose Altuve 0-0: Foul Ball, location: 9LMF
0-1: Foul Ball, location: 2F
0-2: Foul Ball, location: 2F
0-2: Ball
1-2: Ball
2-2: Foul Ball, location: 2F
2-2: Foul Ball, location: 2F
2-2: Fly out, F7 (Line Drive, 7, EV 100.6 MPH)
Batting: LHB Jake Fraley 0-0: Ball
1-0: Ball
2-0: Swinging Strike
2-1: Ball
3-1: Base on Balls
Michael Brantley to second
Batting: RHB Kevin Pillar 0-0: Swinging Strike
0-1: Fly out, F6 (Popup, 6D, EV 49.4 MPH)
Bottom of the 1st over - 0 runs, 1 hit, 0 errors, 2 left on base; Houston 3 - Baltimore 0
TOP OF THE 2ND
Houston Astros batting - Pitching for Baltimore Orioles : LHP Conner Menez
Batting: SHB Riley Unroe 0-0: Ball
1-0: Swinging Strike
1-1: Swinging Strike
1-2: Ball
2-2: Ground out 6-3 (Groundball, 6, EV 91.9 MPH)
Batting: RHB Johan Rojas 0-0: Ball
1-0: Called Strike
1-1: TRIPLE (Flyball, 8LXD, EV 95.0 MPH)
Batting: RHB Manny Machado 0-0: Foul Ball, location: 2F
0-1: Ball
1-1: Called Strike
1-2: Strikes out looking
Batting: RHB Franmil Reyes 0-0: Called Strike
0-1: Called Strike
0-2: Ball
1-2: Ball
2-2: Ground out 6-3 (Groundball, 6, EV 91.3 MPH)
Top of the 2nd over - 0 runs, 1 hit, 0 errors, 1 left on base; Houston 3 - Baltimore 0
BOTTOM OF THE 2ND
Baltimore Orioles batting - Pitching for Houston Astros : RHP Freddy Peralta
Batting: RHB Anthony Rendon 0-0: Ball
1-0: Ball
2-0: Called Strike
2-1: Ball
3-1: Foul Ball, location: 23F
3-2: Ground out 5-3 (Groundball, 56, EV 103.1 MPH)
Batting: RHB Travis d'Arnaud 0-0: Ground out 4-3 (Groundball, 4, EV 88.1 MPH)
Batting: RHB Donovan Solano 0-0: Ball
1-0: Foul Ball, location: 3DF
1-1: Foul Ball, location: 2RF, Error on foul ball, E2
1-2: Fly out, F8 (Flyball, 8LD, EV 104.4 MPH)
Bottom of the 2nd over - 0 runs, 0 hits, 1 error, 0 left on base; Houston 3 - Baltimore 0
TOP OF THE 3RD
Houston Astros batting - Pitching for Baltimore Orioles : LHP Conner Menez
Batting: RHB Lourdes Gurriel Jr. 0-0: Ground out 6-3 (Groundball, 6, EV 93.8 MPH)
Batting: LHB Odubel Herrera 0-0: Called Strike
0-1: Ball
1-1: Ball
2-1: Ball
3-1: Foul Ball, location: 9LMF
3-2: Base on Balls
Batting: RHB Matt Vierling 0-0: Fielders Choice at 2nd, 4-6 (Groundball, 4MD, EV 93.8 MPH)
Batting: RHB Ronaldo Hernandez 0-0: DOUBLE (Line Drive, 78D, EV 109.4 MPH)
Matt Vierling to third
Runner from 3rd tries for Home, SAFE, no throw by CF
Batting: LHB Nicky Lopez 0-0: Ground out 3-1 (Groundball, 34, EV 90.6 MPH)
Top of the 3rd over - 1 run, 1 hit, 0 errors, 1 left on base; Houston 4 - Baltimore 0
BOTTOM OF THE 3RD
Baltimore Orioles batting - Pitching for Houston Astros : RHP Freddy Peralta
Batting: RHB Alfredo Rodriguez 0-0: Fly out, F6 (Popup, 4M, EV 70.6 MPH)
Batting: LHB Michael Brantley 0-0: Ball
1-0: Swinging Strike
1-1: Ball
2-1: Ground out 4-3 (Groundball, 4, EV 81.3 MPH)
Batting: LHB Ismael Munguia 0-0: Ball
1-0: Called Strike
1-1: Foul Ball, location: 25F
1-2: Ball
2-2: Strikes out swinging
Bottom of the 3rd over - 0 runs, 0 hits, 0 errors, 0 left on base; Houston 4 - Baltimore 0
TOP OF THE 4TH
Houston Astros batting - Pitching for Baltimore Orioles : LHP Conner Menez
Batting: SHB Riley Unroe 0-0: Foul Ball, location: 2LF
0-1: Foul Ball, location: 25F
0-2: Ball
1-2: SINGLE (Groundball, 4MD, EV 98.1 MPH)
Batting: RHB Johan Rojas 0-0: Foul Ball, location: 2F
0-1: Foul Ball, location: 2F
0-2: Strikes out swinging
Batting: RHB Manny Machado 0-0: Called Strike
0-1: Ball
1-1: Foul Ball, location: 2F
1-2: Ball
Wild Pitch!
Riley Unroe to second
2-2: Strikes out swinging
Batting: RHB Franmil Reyes 0-0: Ball
1-0: DOUBLE (Flyball, 8RXD, EV 105.6 MPH)
Riley Unroe scores
Pitching: LHP JP Sears
Batting: RHB Lourdes Gurriel Jr. 0-0: Hit by Pitch
Batting: LHB Odubel Herrera 0-0: Fly out, F8 (Flyball, 8LM, EV 83.1 MPH)
Top of the 4th over - 1 run, 2 hits, 0 errors, 2 left on base; Houston 5 - Baltimore 0
BOTTOM OF THE 4TH
Baltimore Orioles batting - Pitching for Houston Astros : RHP Freddy Peralta
Batting: RHB Jose Altuve 0-0: Ball
1-0: Swinging Strike
1-1: Swinging Strike
1-2: Foul Ball, location: 2F
1-2: SINGLE (Flyball, 56D, EV 104.4 MPH)
Batting: LHB Jake Fraley 0-0: Called Strike
0-1: Foul Ball, location: 7LDF
0-2: Strikes out swinging
Batting: RHB Kevin Pillar 0-0: Ball
1-0: Foul Ball, location: 3F
1-1: Ball
2-1: Foul Ball, location: 3DF
2-2: Ball
3-2: Foul Ball, location: 9LSF
3-2: Base on Balls
Jose Altuve to second
Batting: RHB Anthony Rendon 0-0: Ball
1-0: Ball
2-0: Ball
3-0: Called Strike
3-1: Foul Ball, location: 5DF
3-2: Grounds into double play, 4-6-3 (Groundball, 4, EV 107.5 MPH)
Bottom of the 4th over - 0 runs, 1 hit, 0 errors, 1 left on base; Houston 5 - Baltimore 0
TOP OF THE 5TH
Houston Astros batting - Pitching for Baltimore Orioles : LHP JP Sears
Batting: RHB Matt Vierling 0-0: Ball
1-0: Called Strike
1-1: Ground out 6-3 (Groundball, 6, EV 79.4 MPH)
Batting: RHB Ronaldo Hernandez 0-0: Swinging Strike
0-1: Swinging Strike
0-2: Strikes out swinging
Batting: LHB Nicky Lopez 0-0: Called Strike
0-1: DOUBLE (Line Drive, 5D, EV 97.5 MPH)
Batting: SHB Riley Unroe 0-0: Ball
1-0: Called Strike
1-1: Called Strike
1-2: Foul Ball, location: 9LMF
1-2: Ground out 5-3 (Groundball, 56S, EV 86.9 MPH)
Top of the 5th over - 0 runs, 1 hit, 0 errors, 1 left on base; Houston 5 - Baltimore 0
BOTTOM OF THE 5TH
Baltimore Orioles batting - Pitching for Houston Astros : RHP Freddy Peralta
Pitching: RHP Luis Garcia
Batting: RHB Travis d'Arnaud 0-0: SINGLE (Groundball, 56D, EV 105.0 MPH)
Batting: RHB Donovan Solano 0-0: Ball
1-0: Foul Ball, location: 23F
1-1: Ball
2-1: DOUBLE (Flyball, 7LD, EV 96.9 MPH)
Travis d'Arnaud to third
Batting: RHB Alfredo Rodriguez 0-0: Called Strike
0-1: Foul Ball, location: 9LDF
0-2: Ball
1-2: Strikes out swinging
Batting: LHB Michael Brantley 0-0: Called Strike
0-1: Swinging Strike
0-2: Ball
1-2: Foul Ball, location: 9LMF
1-2: Ball
2-2: Strikes out swinging
Batting: LHB Ismael Munguia 0-0: Fly out, F7 (Flyball, 7, EV 86.9 MPH)
Bottom of the 5th over - 0 runs, 2 hits, 0 errors, 2 left on base; Houston 5 - Baltimore 0
TOP OF THE 6TH
Houston Astros batting - Pitching for Baltimore Orioles : LHP JP Sears
Batting: RHB Johan Rojas 0-0: Ball
1-0: Foul Ball, location: 2F
1-1: Called Strike
1-2: Strikes out looking
Batting: RHB Manny Machado 0-0: Ball
1-0: Ground out 6-3 (Groundball, 6M, EV 98.8 MPH)
Batting: RHB Franmil Reyes 0-0: Foul Ball, location: 5F
0-1: Ball
1-1: Called Strike
1-2: Ball
2-2: Strikes out swinging
Top of the 6th over - 0 runs, 0 hits, 0 errors, 0 left on base; Houston 5 - Baltimore 0
BOTTOM OF THE 6TH
Baltimore Orioles batting - Pitching for Houston Astros : RHP Luis Garcia
Batting: RHB Jose Altuve 0-0: Ball
1-0: Called Strike
1-1: Fly out, F7 (Flyball, 78S, EV 88.1 MPH)
Pitching: LHP Jakob Hernandez
Batting: LHB Jake Fraley 0-0: Swinging Strike
0-1: Swinging Strike
0-2: Ball
1-2: Strikes out swinging
Batting: RHB Kevin Pillar 0-0: SINGLE (Line Drive, 8RS, EV 88.8 MPH)
Batting: RHB Anthony Rendon 0-0: Ball
1-0: Called Strike
1-1: Ball
2-1: Foul Ball, location: 3SF
2-2: Foul Ball, location: 2F
2-2: Ball
3-2: DOUBLE (Line Drive, 9LM, EV 99.4 MPH)
Kevin Pillar to third
Kevin Pillar scores
Batting: RHB Travis d'Arnaud 0-0: Called Strike
0-1: Foul Ball, location: 2F
0-2: Ball
1-2: Ground out 5-3 (Groundball, 56, EV 87.5 MPH)
Bottom of the 6th over - 1 run, 2 hits, 0 errors, 1 left on base; Houston 5 - Baltimore 1
TOP OF THE 7TH
Houston Astros batting - Pitching for Baltimore Orioles : LHP JP Sears
Batting: RHB Lourdes Gurriel Jr. 0-0: Ball
1-0: Foul Ball, location: 23F
1-1: Swinging Strike
1-2: Fly out, F8 (Flyball, 8RD, EV 106.3 MPH)
Batting: LHB Odubel Herrera 0-0: Ball
1-0: Foul Ball, location: 3DF
1-1: Called Strike
1-2: Ball
2-2: Foul Ball, location: 7LMFF
2-2: DOUBLE (Flyball, 7LM, EV 103.1 MPH)
Pitching: RHP Spencer Howard
Batting: RHB Matt Vierling 0-0: Called Strike
0-1: Ball
1-1: Ball
2-1: Ball
3-1: DOUBLE (Groundball, 5L, EV 107.5 MPH)
Odubel Herrera scores
Batting: RHB Ronaldo Hernandez 0-0: Foul Ball, location: 2F
0-1: Ground out U3 (Groundball, 3, EV 82.5 MPH)
Matt Vierling to third
Batting: LHB Nicky Lopez 0-0: Called Strike
0-1: Called Strike
0-2: Ball
1-2: Ground out 6-3 (Groundball, 6S, EV 74.4 MPH)
Top of the 7th over - 1 run, 2 hits, 0 errors, 1 left on base; Houston 6 - Baltimore 1
BOTTOM OF THE 7TH
Baltimore Orioles batting - Pitching for Houston Astros : LHP Jakob Hernandez
Batting: RHB Donovan Solano 0-0: Ball
1-0: Ball
2-0: Ball
3-0: Called Strike
3-1: Foul Ball, location: 2F
3-2: Foul Ball, location: 2F
3-2: Base on Balls
Batting: RHB Alfredo Rodriguez 0-0: DOUBLE (Line Drive, 3D, EV 95.0 MPH)
Donovan Solano to third
Pitching: LHP Joely Rodriguez
Batting: LHB Michael Brantley 0-0: Foul Ball, location: 7LSF
0-1: Ground out U3 (Groundball, 13, EV 81.3 MPH)
Batting: LHB Ismael Munguia 0-0: Ball
1-0: Ball
2-0: Ball
3-0: Called Strike
3-1: Called Strike
3-2: DOUBLE (Line Drive, 5D, EV 96.3 MPH)
Donovan Solano scores
Alfredo Rodriguez scores
Batting: RHB Jose Altuve 0-0: Swinging Strike
0-1: Ball
1-1: Foul Ball, location: 2RF
1-2: Ball
2-2: Ball
3-2: Ground out 6-3 (Groundball, 6S, EV 81.9 MPH)
Batting: LHB Jake Fraley 0-0: Ball
1-0: Called Strike
1-1: Ball
2-1: Ground out 6-3 (Groundball, 6, EV 107.5 MPH)
Bottom of the 7th over - 2 runs, 2 hits, 0 errors, 1 left on base; Houston 6 - Baltimore 3
TOP OF THE 8TH
Houston Astros batting - Pitching for Baltimore Orioles : RHP Spencer Howard
Batting: SHB Riley Unroe 0-0: Called Strike
0-1: Foul Ball, location: 23FF
0-2: Fly out, F5 (Popup, 5F, EV 58.8 MPH)
Batting: RHB Johan Rojas 0-0: Ball
1-0: Ball
2-0: Foul Ball, location: 2F
2-1: Foul Ball, location: 2F
2-2: Ball
3-2: Foul Ball, location: 5F
3-2: Base on Balls
Batting: RHB Manny Machado 0-0: Fielders Choice at 2nd, 2-4 (Groundball, 15S, EV 68.1 MPH)
Batting: RHB Franmil Reyes 0-0: Called Strike
0-1: Ball
1-1: Foul Ball, location: 23F
1-2: Foul Ball, location: 2F
1-2: Ball
2-2: Foul Ball, location: 23F
2-2: Ball
3-2: Base on Balls
Manny Machado to second
Batting: RHB Lourdes Gurriel Jr. 0-0: Foul Ball, location: 3SF
0-1: Ball
1-1: Foul Ball, location: 2LF
1-2: Ball
2-2: Strikes out swinging
Top of the 8th over - 0 runs, 0 hits, 0 errors, 2 left on base; Houston 6 - Baltimore 3
BOTTOM OF THE 8TH
Baltimore Orioles batting - Pitching for Houston Astros : LHP Joely Rodriguez
Batting: RHB Kevin Pillar 0-0: Ball
1-0: Ball
2-0: Ball
3-0: DOUBLE (Flyball, 78XD, EV 111.3 MPH)
Pitching: RHP Joe Jimenez
Batting: RHB Anthony Rendon 0-0: Called Strike
0-1: Ball
1-1: Ball
2-1: Ball
3-1: Foul Ball, location: 2F
3-2: SINGLE (Groundball, 34D, EV 98.8 MPH)
Kevin Pillar to third
Runner from 3rd tries for Home, SAFE, throw by RF to home
Anthony Rendon to second
Batting: RHB Travis d'Arnaud 0-0: Called Strike
0-1: Fly out, F3 (Popup, 3S, EV 68.8 MPH)
Pinch Hitting: LHB Cesar Prieto 0-0: Ball
1-0: Ball
2-0: Swinging Strike
2-1: Ball
3-1: Foul Ball, location: 2F
3-2: SINGLE (Line Drive, 9S, EV 106.9 MPH)
Anthony Rendon to third
Batting: RHB Alfredo Rodriguez 0-0: Ball
1-0: Ball
2-0: Called Strike
2-1: Swinging Strike
2-2: Foul Ball, location: 7LSF
2-2: Strikes out swinging
Pitching: LHP Adam Morgan
Batting: LHB Michael Brantley 0-0: Ball
1-0: Fielders Choice at 2nd, 6-4 (Groundball, 6, EV 85.6 MPH)
Bottom of the 8th over - 1 run, 3 hits, 0 errors, 2 left on base; Houston 6 - Baltimore 4
TOP OF THE 9TH
Houston Astros batting - Pitching for Baltimore Orioles : RHP Spencer Howard
Pitching: RHP John Curtiss
Now at 1B: Seth Beer
Batting: LHB Odubel Herrera 0-0: Ball
1-0: Called Strike
1-1: Ball
2-1: Foul Ball, location: 2F
2-2: Foul Ball, location: 5FF
2-2: Ball
3-2: Foul Ball, location: 7LSF
3-2: Base on Balls
Batting: RHB Matt Vierling 0-0: Bunt missed!
0-1: Called Strike
0-2: Ball
Odubel Herrera steals 2nd base
1-2: Ball
2-2: Ball
3-2: Foul Ball, location: 2F
3-2: Base on Balls
Batting: RHB Ronaldo Hernandez 0-0: Called Strike
0-1: Swinging Strike
0-2: Strikes out swinging
Batting: LHB Nicky Lopez 0-0: Ball
1-0: Ball
2-0: Called Strike
2-1: Ball
3-1: Fielders Choice at 2nd, 5-4 (Groundball, 56, EV 85.0 MPH)
Odubel Herrera to third
Batting: SHB Riley Unroe 0-0: Ball
1-0: Ball
2-0: Ball
3-0: Called Strike
3-1: Swinging Strike
3-2: Base on Balls
Nicky Lopez to second
Pitching: RHP Aldo Ramirez
Batting: RHB Johan Rojas 0-0: Ball
1-0: SINGLE (Line Drive, 4M, EV 101.3 MPH)
Odubel Herrera scores
Nicky Lopez to third
Riley Unroe to second
Runner from 3rd tries for Home, SAFE, throw by CF to home
Batting: RHB Manny Machado 0-0: Swinging Strike
0-1: Ball
1-1: Fly out, F6 (Line Drive, 6, EV 76.3 MPH)
Top of the 9th over - 2 runs, 1 hit, 0 errors, 2 left on base; Houston 8 - Baltimore 4
BOTTOM OF THE 9TH
Baltimore Orioles batting - Pitching for Houston Astros : LHP Adam Morgan
Batting: LHB Ismael Munguia 0-0: Ground out 6-3 (Groundball, 6, EV 81.9 MPH)
Batting: RHB Jose Altuve 0-0: Called Strike
0-1: Ball
1-1: Ground out 5-3 (Groundball, 5, EV 98.8 MPH)
Batting: LHB Jake Fraley 0-0: Called Strike
0-1: Ball
1-1: Fly out, F8 (Flyball, 78D, EV 93.1 MPH)
Bottom of the 9th over - 0 runs, 0 hits, 0 errors, 0 left on base; Houston 8 - Baltimore 4
Tuesday, February 27th , 2024 - OOTP Baseball 24.11 Build 85